 Dungeon Crawl Stone Soup version 0.28.0-53-g5a82cb258f (webtiles) character file.

Game seed: 16709801475255127581

92 Descartes the Magician (level 4, -3/25 HPs)
             Began as a Deep Elf Wanderer on July 2, 2022.
             Killed by divine providence
             ... invoked by an orc priest
              (13 damage)
             ... on level 3 of the Dungeon.
             The game lasted 00:05:20 (3626 turns).

Descartes the Magician (Deep Elf Wanderer)          Turns: 3626, Time: 00:05:20

Health: -3/25      AC:  7    Str: 11    XL:     4   Next: 35%
Magic:  9/12       EV: 11    Int: 19    God:
Gold:   159        SH:  0    Dex: 12    Spells: 10/11 levels left

rFire   . . .      SeeInvis .   j - +4 dagger
rCold   . . .      Faith    .   (no shield)
rNeg    . . .      Spirit   .   n - +0 acid dragon scales
rPois   .          Reflect  .   h - +0 helmet
rElec   .          Harm     .   (no cloak)
rCorr   +          Rampage  .   (no gloves)
Will    .....                   (no boots)
Stlth   +.........              (no amulet)
HPRegen 0.08/turn               (no ring)
MPRegen 0.13/turn               (no ring)

@: no status effects
A: no striking features
a: no special abilities


You were on level 3 of the Dungeon.
You visited 1 branch of the dungeon, and saw 3 of its levels.

You collected 159 gold pieces.

Inventory:

Hand Weapons
 a - a +3 mace
 j - a +4 dagger (weapon)
Missiles
 k - 3 poisoned darts
 l - 36 stones
 m - 19 arrows
Armour
 b - a +0 robe
 h - a +0 helmet (worn)
 n - +0 acid dragon scales (worn)
Scrolls
 c - a scroll of immolation {unknown}
 d - a scroll of blinking {unknown}
 e - 3 scrolls of identify {unknown}
 i - 2 scrolls of teleportation {unknown}
Potions
 f - 3 potions of curing {unknown}
 g - a potion of degeneration {unknown}


   Skills:
 - Level 1.0 Fighting
 + Level 0.7 Short Blades
 - Level 2.1 Maces & Flails
 - Level 1.0 Throwing
 - Level 1.0 Armour
 + Level 2.3 Dodging
 + Level 1.0 Stealth
 + Level 4.0 Spellcasting
 + Level 0.9 Conjurations
 + Level 1.4 Hexes
 + Level 3.0 Summonings


You had 10 spell levels left.
You knew the following spells:

 Your Spells              Type           Power      Damage    Failure   Level
a - Summon Small Mammal   Summ           60%        N/A       6%          1

Your spell library contained the following spells:

 Spells                   Type           Power      Damage    Failure   Level
 Summon Guardian Golem    Hex/Summ       12%        N/A       26%         3


Dungeon Overview and Level Annotations

Branches:
Dungeon (3/15)

Altars:

Shops:
D:1 !


Message History

The orc misses your bat.
Your bat closely misses the orc.
An orc comes into view. It is wielding a +0 mace.
Your quokka disappears in a puff of smoke!
Your bat barely misses the orc.
The orc hits your bat with a +0 hand axe.
Your bat dies!
Your bat's corpse disappears in a puff of smoke!
Your magical contamination has completely faded away.
Casting: Summon Small Mammal (safe; 6% risk of failure)
Confirm with . or Enter, or press ? or * to list all spells.
Casting: Summon Small Mammal (safe; 6% risk of failure)
Confirm with . or Enter, or press ? or * to list all spells.
Casting: Summon Small Mammal (safe; 6% risk of failure)
Confirm with . or Enter, or press ? or * to list all spells.
Your quokka closely misses the orc.
The orc closely misses your rat.
Your rat bites the orc.
The orc closely misses your rat.
There is an open door here.
Your quokka bites the orc.
The orc dies!
Your rat bites the orc.
The orc hits your rat with a +0 short sword.
Your rat dies!
Your rat's corpse disappears in a puff of smoke!
Your Spellcasting skill increases to level 4!
Your quokka barely misses the orc.
You hit the orc.
The orc is heavily wounded.
Your quokka bites the orc.
The orc priest mumbles some strange prayers to Beogh against you.
Pain shoots through your body! The orc hits you with a +0 mace.
Your quokka bites the orc.
There is an open door here.
The orc priest miscasts a cantrip.
The orc hits something with a +0 short sword.
The orc priest mumbles some strange prayers to Beogh against you.
Beogh smites you!
Ouch! That really hurt!
You die...

..#.####.......#
#.######....###########
#.....................#
########....#########.# ##.###
#.# #. #.# #.# #.# #.# #.# #.#
##'## #.### #.# ##@..## #...#
#.#### ##.o...## #####.# #.##.##
##.......## ##.###.#
####.#.r.####.........####...##.#
........oo..o.........'.......#.#
####.#..)####.........####...##.#
###.##.## ##.......## ##.###.#
#..ooo## ##.....## #......#
#.#.#.# ##...## #.######


You could see an orc priest and an orc.

Vanquished Creatures
  3 adders (D:2)
  3 dart slugs
  3 endoplasms
  A giant cockroach (D:1)
  4 goblins (D:1)
  8 hobgoblins
  A quokka (D:2)
  3 ball pythons
  7 bats
  A frilled lizard (D:1)
  5 kobolds
  2 rats
41 creatures vanquished.

Vanquished Creatures (collateral kills)
  A dart slug (D:1)
  An orc (D:3)
  3 endoplasms
  3 hobgoblins
  2 ball pythons
  A bat (D:3)
  2 rats (D:1)
13 creatures vanquished.

Grand Total: 54 creatures vanquished

Notes
Turn   | Place    | Note
-------+----------+-------------------------------------------
     0 | D:1      | Descartes the Deep Elf Wanderer began the quest for the
                  | Orb.
     0 | D:1      | Descartes set off with the following items: a +3 mace, a +0
                  | robe; and the following spell memorised: Summon Small
                  | Mammal; and the following spells available to memorise:
                  | Summon Guardian Golem
     0 | D:1      | Reached XP level 1. HP: 12/12 MP: 6/6
   108 | D:1      | Reached skill level 1 in Dodging
   188 | D:1      | Found a faded altar of an unknown god.
   341 | D:1      | Reached XP level 2. HP: 13/16 MP: 5/8
   631 | D:1      | Found Atroz's Distillery.
   850 | D:1      | Reached XP level 3. HP: 13/20 MP: 7/10
  2057 | D:2      | Reached skill level 1 in Hexes
  2383 | D:2      | Reached XP level 4. HP: 5/25 MP: 8/11
  2387 | D:2      | HP: 1/25 [poisoned by an adder]
  3394 | D:3      | Reached skill level 1 in Stealth
  3620 | D:3      | Reached skill level 4 in Spellcasting
  3626 | D:3      | Killed from afar by an orc priest

Illustrated notes

Levels and vault maps discovered:
D:1:      mainiacjoe_arrival_reflecting_pool, layout_basic,
          ebering_ecumenical_altar_rust, serial_shops, shop, minmay_tromino_v2
D:2:      layout_basic
D:3:      layout_loops_corners

Skill      XL: |  1  2  3  4 |
---------------+-------------+-----
Dodging        | 1 2 |  2.3
Hexes          | 1 |  1.4
Stealth        | 1 |  1.0
Summonings     | 3 |  3.0
Spellcasting   | 4 |  4.0
Fighting       | |  1.0
Short Blades   | |  0.7
Maces & Flails | |  2.1
Throwing       | |  1.0
Armour         | |  1.0
Conjurations   | |  0.9

Action                   |  1- 3 |  4- 6 || total
-------------------------+-------+-------++-------
Melee: Mace              |    45 |       ||    45
       Dagger            |    44 |    18 ||    62
 Cast: Summon Small Mamm |    53 |    33 ||    86
 Stab: Sleeping          |     1 |       ||     1
       Distracted        |     1 |       ||     1
Armor: Robe              |    27 |     1 ||    28
       Acid dragon scale |       |     4 ||     4
Dodge: Dodged            |    65 |    10 ||    75
